 Dungeon Crawl Stone Soup version 0.30-a0-149-g7f746667c4 (webtiles) character file.

Game seed: 2144552706089835003

76145 testman the Impaler (level 15, -4/131 HPs)
             Began as a Merfolk Gladiator on Sept 26, 2022.
             Was a High Priest of Okawaru.
             Killed from afar by a hellion (18 damage)
             ... with damnation
             ... on level 3 of the Abyss.
             The game lasted 01:55:14 (34318 turns).

testman the Impaler (Merfolk Gladiator)            Turns: 34318, Time: 01:55:14

Health: -4/131     AC: 19    Str: 20    XL:     15   Next: 52%
Magic:  31/35      EV: 16    Int:  8    God:    Okawaru [*****.]
Gold:   1268       SH:  0    Dex: 17    Spells: 14/14 levels left

rFire   + . .      SeeInvis .    H - +6 bardiche (vorpal)
rCold   + . .      Faith    +    (shield currently unavailable)
rNeg    . . .      Spirit   .    F - +4 ring mail {rF+}
rPois   .          Reflect  .    w - +0 helmet of the Guardian {+Blink Will+ Str+4}
rElec   .          Harm     .    b - scarf {shadows}
rCorr   .          Rampage  .    J - +2 pair of gloves
Will    ++...                    L - +2 pair of boots
Stlth   ++........               y - amulet of faith
HPRegen 0.31/turn                x - ring of magical power
MPRegen 0.24/turn                E - ring of protection from cold

@: about to teleport, heroic, finesse-ful
A: (nimble swimmer 2), mertail, [weak 2]
a: Renounce Religion, Evoke Blink, Heroism, Finesse, Duel


You were on level 3 of the Abyss.
You worshipped Okawaru.
Okawaru was extremely pleased with you.
You visited 2 branches of the dungeon, and saw 19 of its levels.
You visited the Abyss 1 time.
You also visited: Sewer and Volcano.

You collected 1600 gold pieces.
You spent 332 gold pieces at shops.

Inventory:

Hand Weapons
 a - a +0 trident
 H - a +6 vorpal bardiche (weapon)
Missiles
 d - 4 throwing nets
 e - 10 javelins
 j - 3 silver javelins
 k - 66 poisoned darts (quivered)
 M - 18 curare-tipped darts
 S - 3 silver boomerangs
Armour
 b - a scarf of shadows (worn)
 i - a +2 buckler
 w - the +0 helmet of the Guardian (worn) {+Blink Will+ Str+4}
   (Okawaru gifted it to you on level 1 of the Lair of Beasts)

   Str:       It affects your strength (+4).
   +Blink:    It lets you blink.
   Will:      It increases your willpower.
 F - a +4 ring mail of fire resistance (worn)
 J - a +2 pair of gloves (worn)
 L - a +2 pair of boots (worn)
 T - the +0 cloak of the Armoured One {Int+4 Dex+2}
   (You bought it in a shop on level 11 of the Dungeon)

   Int:       It affects your intelligence (+4).
   Dex:       It affects your dexterity (+2).
Jewellery
 x - a ring of magical power (left hand)
 y - an amulet of faith (around neck)
 E - a ring of protection from cold (right hand)
 I - the ring "Kacruk" {Ice Int+3}
   (You found it on level 10 of the Dungeon)

   [ring of ice]

   It enhances your ice magic.
   Int:       It affects your intelligence (+3).
   rF:        It makes you vulnerable to fire.
   rC:        It protects you from cold.
 U - a +6 ring of intelligence
Wands
 l - a wand of light (10)
 p - a wand of roots (30)
 s - a wand of mindburst (11)
 u - a wand of polymorph (15)
Scrolls
 q - 3 scrolls of teleportation
 t - 4 scrolls of fog
 A - 3 scrolls of blinking
 G - 2 scrolls of amnesia
 K - 2 scrolls of poison
 P - 7 scrolls of immolation
 Q - 2 scrolls of enchant weapon
 R - 3 scrolls of identify
Potions
 c - a potion of attraction
 f - 8 potions of flight
 g - 4 potions of brilliance
 h - 7 potions of curing
 m - 2 potions of invisibility
 n - 2 potions of berserk rage
 o - 2 potions of lignification {unknown}
 r - a potion of resistance {unknown}
 v - a potion of haste
 z - 2 potions of heal wounds
 B - 2 potions of magic {unknown}
 C - 2 potions of degeneration {unknown}
 D - 2 potions of mutation {unknown}
 N - 2 potions of might
 O - 5 potions of ambrosia


   Skills:
 + Level 16.2(21.2) Fighting
 + Level 19.2(24.2) Polearms
 + Level 3.8(8.8) Throwing
 - Level 5.0(10.0) Armour
 + Level 4.8(9.8) Dodging
 + Level 14.6 Invocations
 - Level 8.5 Evocations


You had 14 spell levels left.
You didn't know any spells.
Your spell library contained the following spells:

 Spells                   Type           Power      Damage    Failure   Level
 Apportation              Tloc           0%         N/A       54%         1
 Necrotise                Necr           0%         1d4       54%         1
 Sandblast                Erth           0%         2d4       54%         1
 Blink                    Tloc           0%         N/A       69%         2
 Ensorcelled Hibernation  Hex/Ice        0%         N/A       69%         2
 Passwall                 Tmut/Erth      0%         N/A       69%         2
 Scorch                   Fire           0%         2d5       69%         2
 Static Discharge         Conj/Air       0%         2-2/arc   69%         2
 Sublimation of Blood     Necr           0%         N/A       69%         2
 Wereblood                Tmut           0%         N/A       69%         2
 Confusing Touch          Hex            0%         N/A       89%         3
 Stone Arrow              Conj/Erth      0%         3d7       89%         3
 Swiftness                Air            0%         N/A       89%         3
 Flame Wave               Conj/Fire      0%         2d4       100%        4
 Manifold Assault         Tloc           0%         N/A       100%        4
 Passage of Golubria      Tloc           0%         N/A       100%        4
 Petrify                  Tmut/Erth      0%         N/A       100%        4
 Arcjolt                  Conj/Air       0%         1d10      100%        5
 Borgnjor's Vile Clutch   Necr/Erth      0%         N/A       100%        5
 Lightning Bolt           Conj/Air       0%         1d11      100%        5
 Metabolic Englaciation   Hex/Ice        0%         N/A       100%        5
 Yara's Violent Unravell  Hex/Tmut       0%         3d3       100%        5
 Conjure Ball Lightning   Conj/Air       0%         3x3d6     100%        6
 Statue Form              Tmut/Erth      0%         N/A       100%        6
 Enfeeble                 Hex            0%         N/A       100%        7
 Storm Form               Tmut/Air       0%         N/A       100%        7
 Lehudib's Crystal Spear  Conj/Erth      0%         10d2      100%        8
 Maxwell's Capacitive Co  Air            0%         ∞         100%        8
 Chain Lightning          Conj/Air       0%         N/A       100%        9
 Fire Storm               Conj/Fire      0%         5d1       100%        9
 Shatter                  Erth           0%         3d5*      100%        9
 Summon Small Mammal      Summ           Unusable   N/A       N/A         1
 Tukima's Dance           Hex            Unusable   N/A       N/A         3
 Animate Dead             Necr           Unusable   N/A       N/A         4
 Death Channel            Necr           Unusable   N/A       N/A         6
 Summon Hydra             Summ           Unusable   N/A       N/A         7

Dungeon Overview and Level Annotations

Branches:
Dungeon (14/15)            Temple (0/1) D:6            Lair (5/5) D:8
  Swamp (0/4) Lair:3        Snake (0/4) Lair:3        Slime (0/5) Lair:4
    Orc (0/2) D:9          Vaults (0/5) D:13          Sewer (visited)
Volcano (visited)

Altars:
Cheibriados
Gozag
Hepliaklqana
Kikubaaqudgha
Makhleb
Okawaru
Trog
Uskayaw
Vehumet
Yredelemnul
Zin
The Shining One
Jiyva

Shops:
D:11 [   D:12 [


Innate Abilities, Weirdness & Mutations

((You are very nimble when in or above water. (Stealth+, EV+, Speed+++)))
Your lower body shifts to a powerful aquatic tail in water.
[You are very weak. (Str -4)]


Message History

The Hell Sentinel is moderately wounded.
You slice the Hell Sentinel!!
The Hell Sentinel is heavily wounded.
The large abomination completely misses you.
The Hell Sentinel hits you!!
* * * LOW HITPOINT WARNING * * *
The Hell Sentinel hits you but does no damage.
Unknown command.
Unknown command.
The Hell Sentinel attacks as you move away!
The Hell Sentinel hits you but does no damage.
The Hell Sentinel hits you!
* * * LOW HITPOINT WARNING * * *
The wretched star glows turbulently.
The lance of force hits you!
* * * LOW HITPOINT WARNING * * *
You are knocked back by the lance of force.
You slam into the stone wall!
Blink to where?
Press: ? - help, Dir - move target, f - you
Okay, then.
Blink to where?
Press: ? - help, Dir - move target
As you read the scroll of blinking, it crumbles to dust.
As you read the scroll of teleportation, it crumbles to dust.
You feel strangely unstable.
You feel the power of the Abyss delaying your translocation!
You feel much better.
A large abomination comes into view.
A wretched star comes into view.
The hellion gives a hideous shriek!
You hear a roar!
The wretched star glows turbulently.
The lance of force hits you!
* * * LOW HITPOINT WARNING * * *
You are knocked back by the lance of force.
You slam into the stone wall!
* * * LOW HITPOINT WARNING * * *
The hellion gestures at you.
The sphere of damnation explodes!
The damnation engulfs you!!
You die...

#.##.##
#.4.#.# ## .
## #.. # # #
#..#####
#.##.#.#.###
#..#*....#
###2.#.###
###1.#..@#
#1X#.###.#
#..#..##
...# #.#X.##
##.X# #...#.
.... #..# ..
##... #..#
#)# ##* #.#
!# . $#


You could see 2 wretched stars, a large abomination and a hellion.

Vanquished Creatures
  The ghost of Dobruq the Warrior, a journeyman OgTm of Makhleb (Lair:4)
  A fire dragon (Volcano)
  2 vault guards (D:13)
  6 hydras
  Erolcha (D:13)
  4 catoblepae (Lair:5)
  3 centaur warriors (D:13)
  4 two-headed ogres
  2 boulder beetles
  16 death yaks
  A tengu warrior (D:9)
  A hell hog (Volcano)
  Sonja (Lair:4)
  A deep elf knight (D:9)
  Amaemon (Lair:1)
  A wizard (D:14)
  Pikel (D:7)
  A deep elf pyromancer (D:12)
  3 cyclopes
  5 ugly things
  A salamander (shapeshifter) (D:13)
  3 manticores
  2 black mambas
  11 elephants
  16 cane toads
  4 unseen horrors
  A torpor snail (Lair:1)
  A gargoyle (D:10)
  2 molten gargoyles (Volcano)
  An orange demon (Lair:1)
  A rime drake (Lair:3)
  4 kobold demonologists
  2 efreet
  9 komodo dragons
  A tengu conjurer (D:9)
  2 ice devils (Lair:1)
  4 trolls
  A queen bee (Lair:2)
  A polar bear (Lair:5)
  Prince Ribbit (D:9)
  A hornet (Lair:4)
  4 slime creatures
  10 dream sheep
  3 blink frogs (Lair:5)
  2 shadows (D:9)
  9 humans (D:13)
  A wraith (D:12)
  7 wyverns
  57 yaks
  Grum (Lair:1)
  4 fire bats (Volcano)
  2 basilisks
  4 steam dragons
  2 vampire mosquitoes (D:13)
  Menkaure (D:4)
  2 acid dragons
  A naga (Lair:3)
  Duvessa (D:4)
  A hell hound (Volcano)
  13 water moccasins
  Pargi (Sewer)
  9 orc warriors
  3 ogres
  9 centaurs
  10 wolves
  A phantom (D:5)
  20 kobold brigands
  5 bullfrogs
  2 necrophages (D:7)
  A scorpion (D:4)
  Dowan (D:4)
  29 killer bees
  3 howler monkeys
  4 electric eels
  2 jellies (Lair:4)
  7 lava snakes (Volcano)
  A gnoll bouda (D:6)
  3 hounds
  8 orc priests
  6 iguanas
  13 orc wizards
  Ijyb (D:4)
  Robin (D:3)
  5 gnolls (D:6)
  5 adders
  3 shadow imps (D:7)
  2 white imps
  2 worms
  2 dart slugs
  55 orcs
  6 endoplasms
  4 giant cockroaches
  7 goblins
  10 hobgoblins
  7 jackals (D:1)
  25 kobolds
  5 quokkas
  6 ball pythons
  5 bats
  6 frilled lizards
  7 rats
552 creatures vanquished.

Vanquished Creatures (others)
  A vault guard (D:13)
  35 fungi
  99 plants
135 creatures vanquished.

Grand Total: 687 creatures vanquished

Notes
Turn   | Place    | Note
-------+----------+-------------------------------------------
     0 | D:1      | testman the Merfolk Gladiator began the quest for the Orb.
     0 | D:1      | Reached XP level 1. HP: 16/16 MP: 1/1
   175 | D:1      | Reached XP level 2. HP: 23/23 MP: 2/2
   812 | D:1      | Reached XP level 3. HP: 29/29 MP: 3/3
  1010 | D:1      | Found a faded altar of an unknown god.
  1174 | D:2      | Reached skill level 5 in Polearms
  1603 | D:2      | Reached XP level 4. HP: 23/35 MP: 4/4
  2125 | D:3      | Noticed Robin
  2854 | D:3      | Killed Robin
  2855 | D:3      | Reached XP level 5. HP: 28/42 MP: 5/5
  3054 | D:4      | Noticed Ijyb
  3062 | D:4      | Killed Ijyb
  3063 | D:4      | Reached skill level 6 in Polearms
  3273 | D:4      | Found a glowing drain.
  3288 | Sewer    | Entered a sewer
  3428 | Sewer    | Noticed Pargi
  3484 | Sewer    | Killed Pargi
  3485 | Sewer    | Reached skill level 5 in Fighting
  3485 | Sewer    | Reached XP level 6. HP: 34/51 MP: 6/6
  3710 | D:4      | Reached skill level 7 in Polearms
  3926 | D:4      | Noticed Dowan
  3927 | D:4      | Noticed Duvessa
  4438 | D:4      | Killed Duvessa
  4439 | D:4      | Reached XP level 7. HP: 21/58 MP: 7/7
  4441 | D:4      | Killed Dowan
  4442 | D:4      | Reached skill level 8 in Polearms
  4763 | D:4      | Noticed Menkaure
  4767 | D:4      | Killed Menkaure
  5113 | D:4      | Reached skill level 9 in Polearms
  5113 | D:4      | Reached XP level 8. HP: 33/67 MP: 8/8
  5507 | D:5      | Entered Level 5 of the Dungeon
  5518 | D:5      | Found an iron altar of Okawaru.
  5535 | D:5      | Became a worshipper of Warmaster Okawaru
  5814 | D:5      | Reached skill level 1 in Invocations
  5855 | D:5      | Found a hazy altar of Hepliaklqana.
  6226 | D:5      | Found an opulent altar of Gozag.
  6279 | D:6      | Found a staircase to the Ecumenical Temple.
  6784 | D:6      | Found a glowing silver altar of Zin.
  6784 | D:6      | Noticed an angel
  6833 | D:6      | Found a radiant altar of Vehumet.
  7114 | D:6      | Reached skill level 10 in Polearms
  7448 | D:6      | Found a burning altar of Makhleb.
  7625 | D:7      | Reached * piety under Okawaru
  8021 | D:7      | Reached XP level 9. HP: 75/75 MP: 11/11
  8024 | D:7      | Found a bloodstained altar of Trog.
  8026 | D:7      | Found a snail-covered altar of Cheibriados.
  8148 | D:7      | Noticed Pikel
  8176 | D:7      | Killed Pikel
  8176 | D:7      | Reached ** piety under Okawaru
  8177 | D:7      | Reached skill level 11 in Polearms
  8177 | D:7      | Reached skill level 5 in Invocations
  8498 | D:7      | Found a basalt altar of Yredelemnul.
  8515 | D:7      | Identified the +7 morningstar of Ravage {freeze, *Noise
                  | rC++ Stlth+}
  8621 | D:7      | Found an ancient bone altar of Kikubaaqudgha.
  8779 | D:8      | You fall into a shaft and drop 3 floors!
  8790 | D:11     | Reached *** piety under Okawaru
  9036 | D:10     | Entered Level 10 of the Dungeon
  9416 | D:9      | Noticed Prince Ribbit
  9416 | D:9      | Noticed a troll
  9422 | D:10     | Noticed a troll
  9431 | D:10     | Killed a troll
  9587 | D:10     | Noticed a gargoyle
  9588 | D:10     | Identified the ring "Kacruk" {Ice Int+3}
  9602 | D:10     | Killed a gargoyle
  9603 | D:10     | Reached skill level 12 in Polearms
  9603 | D:10     | Reached XP level 10. HP: 70/85 MP: 14/14
  9722 | D:9      | Reached skill level 10 in Fighting
  9748 | D:9      | Found a staircase to the Orcish Mines.
  9770 | D:9      | Reached **** piety under Okawaru
 10253 | D:8      | Found a staircase to the Lair.
 10497 | D:9      | Noticed a two-headed ogre
 11462 | D:9      | Killed a two-headed ogre
 11821 | D:9      | Reached skill level 13 in Polearms
 11830 | D:9      | Killed Prince Ribbit
 11830 | D:9      | Reached ***** piety under Okawaru
 12050 | D:9      | Found a runed translucent door.
 12050 | D:9      | Noticed a boulder beetle
 12063 | D:9      | Killed a boulder beetle
 12067 | D:9      | Noticed a deep elf knight
 12487 | D:10     | Found a hide-covered altar of Uskayaw.
 12569 | D:10     | Received a gift from Okawaru
 12570 | D:10     | Reached XP level 11. HP: 59/93 MP: 17/17
 12837 | D:10     | Noticed a soul eater
 12837 | Arena    | Entered the Arena
 12841 | Arena    | Noticed a sun demon
 12842 | Arena    | Reached skill level 1 in Armour
 12910 | D:10     | Reached skill level 14 in Polearms
 13337 | D:10     | Found a glowing golden altar of the Shining One.
 13479 | D:11     | Noticed a two-headed ogre
 13485 | D:11     | Killed a two-headed ogre
 13651 | D:11     | Identified the +1 robe of the Miller {*Slow rPois rF+++
                  | Str-3}
 13850 | D:11     | Noticed a cyclops
 13861 | D:11     | Killed a cyclops
 14111 | D:11     | Noticed a two-headed ogre
 14119 | D:11     | Killed a two-headed ogre
 14460 | D:9      | Noticed a tengu warrior
 14514 | Lair:1   | Entered Level 1 of the Lair of Beasts
 14525 | Lair:1   | Noticed Grum
 15559 | Lair:1   | Killed Grum
 15559 | Lair:1   | Received a gift from Okawaru
 15580 | Lair:1   | Noticed Amaemon
 15589 | Lair:1   | Reached skill level 10 in Invocations
 15598 | Lair:1   | Killed Amaemon
 15624 | Lair:1   | Reached XP level 12. HP: 56/103 MP: 19/19
 15875 | Lair:1   | Identified the +0 helmet of the Guardian {+Blink Will+
                  | Str+4} (Okawaru gifted it to you on level 1 of the Lair of
                  | Beasts)
 15875 | Lair:1   | Received a gift from Okawaru
 15876 | Lair:1   | Reached skill level 15 in Polearms
 16574 | Lair:1   | Noticed a death yak
 16574 | Lair:1   | Noticed a death yak
 16606 | D:8      | Killed a death yak
 16890 | Lair:1   | Noticed a death yak
 16890 | Lair:1   | Noticed a death yak
 16906 | D:8      | Killed a death yak
 17025 | D:8      | Killed a death yak
 17257 | Lair:1   | Killed a death yak
 18626 | Lair:2   | Noticed a four-headed hydra
 18650 | Lair:2   | Killed a four-headed hydra
 18651 | Lair:2   | Reached skill level 1 in Evocations
 19427 | Lair:2   | Noticed a death yak
 19427 | Lair:2   | Noticed a death yak
 19438 | Lair:2   | Noticed a death yak
 19438 | Lair:2   | Noticed a death yak
 19764 | Lair:1   | Killed a death yak
 19764 | Lair:1   | Received a gift from Okawaru
 19765 | Lair:1   | Reached skill level 5 in Armour
 19768 | Lair:1   | Killed a death yak
 19769 | Lair:1   | Reached skill level 16 in Polearms
 20030 | Lair:1   | Killed a death yak
 20031 | Lair:1   | Reached XP level 13. HP: 83/111 MP: 21/21
 21223 | Lair:3   | Found a staircase to the Snake Pit.
 21226 | Lair:3   | Found a staircase to the Swamp.
 21277 | Lair:3   | Found the +11 plutonium sword {Contam Stlth-}
 21489 | Lair:3   | Received a gift from Okawaru
 21615 | Lair:3   | Found a dark tunnel.
 21628 | Volcano  | Entered a volcano
 22022 | Volcano  | Found a burning altar of Makhleb.
 22039 | Volcano  | Noticed a fire dragon
 22044 | Volcano  | Killed a fire dragon
 23286 | Lair:4   | Reached skill level 5 in Evocations
 23518 | Lair:4   | Reached skill level 17 in Polearms
 24203 | Lair:4   | Found a viscous altar of Jiyva.
 24209 | Lair:4   | Noticed Sonja
 24213 | Lair:4   | Killed Sonja
 24213 | Lair:4   | Identified the +6 halberd of the End {pain, rF+ Will+}
                  | (Okawaru gifted it to you on level 4 of the Lair of Beasts)
 24213 | Lair:4   | Received a gift from Okawaru
 24228 | Lair:4   | Found a staircase to the Slime Pits.
 25096 | Lair:4   | Paralysed by a hornet for 2 turns
 25101 | Lair:4   | Paralysed by a hornet for 1 turns
 25105 | Lair:4   | Paralysed by a hornet for 3 turns
 25493 | Lair:4   | Noticed Dobruq's ghost (journeyman OgTm)
 25494 | Lair:4   | Found a runed translucent door.
 25526 | Lair:4   | Killed Dobruq's ghost
 25527 | Lair:4   | Reached XP level 14. HP: 121/121 MP: 23/23
 25778 | Lair:5   | Entered Level 5 of the Lair of Beasts
 25924 | Lair:5   | Identified the +10 hand axe of Valour {elec, Fragile Dex+3}
 25981 | Lair:5   | Received a gift from Okawaru
 25994 | Lair:5   | Identified the +3 glaive of Rudumeti {drain, rN+} (Okawaru
                  | gifted it to you on level 5 of the Lair of Beasts)
 25994 | Lair:5   | Received a gift from Okawaru
 26948 | Lair:4   | Reached skill level 15 in Fighting
 27725 | Lair:5   | Received a gift from Okawaru
 27726 | Lair:5   | Reached skill level 18 in Polearms
 29574 | Lair:5   | Reached ****** piety under Okawaru
 30099 | D:9      | Received a gift from Okawaru
 30111 | D:9      | Got the Lessons on Battling and the Blaze
 30511 | D:11     | Found Plog's Antique Armour Shoppe.
 30516 | D:11     | Received a gift from Okawaru
 30517 | D:11     | Reached XP level 15. HP: 124/129 MP: 25/25
 30537 | D:11     | Bought a faintly glowing cloak for 332 gold pieces
 30537 | D:11     | Identified the +0 cloak of the Armoured One {Int+4 Dex+2}
                  | (You bought it in a shop on level 11 of the Dungeon)
 30676 | D:12     | Received a gift from Okawaru
 30864 | D:12     | Found Cupanev's Antique Armour Boutique.
 31548 | D:12     | Received a gift from Okawaru
 32683 | D:13     | Received a gift from Okawaru
 33091 | D:13     | Reached skill level 19 in Polearms
 33303 | D:13     | Found a gate to the Vaults.
 33695 | D:13     | Noticed Erolcha
 33700 | D:13     | Killed Erolcha
 34213 | Abyss:3  | Found a corrupted altar of Lugonu.
 34213 | Abyss:3  | Cast into level 3 of the Abyss (a wizard)
 34300 | Abyss:3  | Noticed a Hell Sentinel
 34318 | Abyss:3  | Killed from afar by a hellion

Illustrated notes

Levels and vault maps discovered:
D:1:      eino_arrival_water_star, layout_loops_corners,
          shapermc_ecumenical_altar_acropolis
D:2:      layout_basic
D:3:      layout_loops_corners, uniq_robin
D:4:      layout_cave_pods, gup_sewer_entry_spiral, uniq_duvessa, uniq_ijyb,
          uniq_menkaure
D:5:      layout_basic, okawaru_trees_1, mainiacjoe_overflow_six_doors_small,
          worldfamousw_hep_ancestral_shrine, dk_vineyard_3
D:6:      layout_cave_pools, makhleb_blood_cavern_becter, zin_angel,
          vehumet_crystals, minmay_temple_entry_statues_pillars
D:7:      layout_basic, mainiacjoe_overflow_brackets, kennysheep_mini,
          nicolae_overflow_squiral, minmay_a_box_with_orc_wizards_in_it,
          uniq_pikel
D:8:      layout_cave_pools, lair_entry_dummy, minmay_fountain_box
D:9:      layout_rooms, orc_0_dummy, minivault_13, uniq_prince_ribbit1
D:10:     layout_roguey [special_room_kobold], general_overflow_altar,
          old_standard_altar
D:11:     layout_cross, serial_shops, shop
D:12:     layout_basic, special_room [special_room_orc], serial_shops, shop
D:13:     layout_basic, ximxim_vaults_locker_room, uniq_erolcha
D:14:     minmay_smoke_and_mirrors, layout_long_grid, serial_park_tiny_1,
          serial_glass, glass_columns_c, glass_columns_a,
          nicolae_transporter_circle
Lair:1:   layout_roguey, portal_ice_cave_demonic_guard, serial_bayou_ford_a,
          grunt_megastairs_1, uniq_amaemon, uniq_grum
Lair:2:   layout_loops_ring, special_room [special_room_bee],
          serial_bayou_lagoon_a
Lair:3:   nzn_winding_woodlands_three_and_one
          [nzn_winding_woodlands_5x15_lazy_stream,
          nzn_winding_woodlands_5x15_garden,
          nzn_winding_woodlands_5x15_concentric,
          nzn_winding_woodlands_center_diamonds], layout_cave_pods, swamp_mist,
          guppyfry_snake_entry_island, nicolae_volcano_entry_hallway
Lair:4:   layout_hall_layers, minmay_slime_entry_pillars,
          hellmonk_ghost_happy_afterlife, st_stairs_13, grunt_megastairs_4,
          infiniplex_staircase_pool_2, uniq_sonja
Lair:5:   evilmike_catoblepas_cave, layout_misc_corridors, serial_bayou_shore_b
Abyss:3:  base: Lair:5, evilmike_abyss_exit_mutagenic,
          hangedman_abyss_or_decor_jellyfish_corner

Skill      XL: |  1  2  3  4  5  6  7  8  9 10 11 12 13 14 15 |
---------------+----------------------------------------------+-----
Fighting       | 3 4 5 6 7 8 9 11 12 13 14 15 16 | 16.2
Polearms       | 5 6 7 9 10 12 13 14 16 17 18 19 | 19.2
Invocations    | 3 6 8 10 11 12 14 | 14.6
Armour         | 3 5 |  5.0
Evocations     | 2 6 8 |  8.5
Throwing       | 3 |  3.8
Dodging        | |  4.8

Action                   |  1- 3 |  4- 6 |  7- 9 | 10-12 | 13-15 || total
-------------------------+-------+-------+-------+-------+-------++-------
Melee: Trident           |   143 |   210 |   120 |    16 |    36 ||   525
       Punch             |     1 |     2 |     3 |     2 |     1 ||     9
       Tailslap          |       |     6 |     2 |     4 |     2 ||    14
       Halberd           |       |       |    52 |       |       ||    52
       Glaive            |       |       |   124 |   616 |       ||   740
       Bardiche          |       |       |       |     6 |   820 ||   826
Throw: Javelin           |     1 |       |       |     1 |     4 ||     6
       Dart              |       |       |     5 |     8 |     3 ||    16
Invok: Heroism           |       |       |       |    13 |    20 ||    33
       Duel              |       |       |       |     1 |       ||     1
       Finesse           |       |       |       |       |     2 ||     2
 Abil: Evoke Blink       |       |       |       |       |     1 ||     1
Evoke: Wand              |       |       |       |     4 |     2 ||     6
  Use: Potion            |       |     4 |     1 |    15 |     8 ||    28
       Scroll            |       |     1 |       |    12 |    14 ||    27
 Stab: Sleeping          |     1 |       |       |       |       ||     1
       Petrified         |       |       |       |       |     2 ||     2
Armor: Leather armour    |     9 |       |       |       |       ||     9
       Ring mail         |    22 |    68 |    79 |    67 |   327 ||   563
       Plate armour      |       |       |       |   334 |    96 ||   430
       Scale mail        |       |       |       |       |    12 ||    12
Dodge: Dodged            |    75 |   108 |   140 |   317 |   450 ||  1090

Table legend: (Time is in decaauts)
 A = Elapsed time spent in this place.
 B = Non-inter-level travel time spent in this place.
 C = Inter-level travel time spent in this place.
 D = Time resting spent in this place.
 E = Time spent auto-exploring this place.
 F = Levels seen in this place.
 G = Mean time per level.
                   A        B        C        D        E       F      G
               +--------+--------+--------+--------+--------+-----+--------+
         Total |  34129 |  33221 |    908 |  11189 |  16702 |  23 | 1483.9 |
       Dungeon |  20204 |  19525 |    679 |   5652 |  11059 |  14 | 1443.1 |
          Lair |  12527 |  12298 |    229 |   5265 |   5031 |   5 | 2505.4 |
         Abyss |     98 |     98 |      0 |      0 |     12 |   1 |   98.0 |
         Sewer |    323 |    323 |      0 |      0 |    246 |   1 |  323.0 |
       Volcano |    955 |    955 |      0 |    267 |    353 |   1 |  955.0 |
         Arena |     20 |     20 |      0 |      4 |      0 |   1 |   20.0 |
               +--------+--------+--------+--------+--------+-----+--------+

Top non-repeatable levels by time:
     D:8: 3705 daAuts
  Lair:5: 2922 daAuts
  Lair:4: 2858 daAuts
  Lair:1: 2630 daAuts
  Lair:2: 2153 daAuts
    D:10: 2090 daAuts
  Lair:3: 1963 daAuts
    D:12: 1896 daAuts
     D:4: 1795 daAuts
     D:6: 1572 daAuts
    D:13: 1544 daAuts
     D:3: 1280 daAuts
     D:9: 1278 daAuts
    D:11: 1204 daAuts
     D:1: 1091 daAuts
